 Dungeon Crawl Stone Soup version 0.30-a0-924-g0ad0bf95bc (webtiles) character file.

Game seed: 14293992396571787529

3725 BigDaddyOpFi the Magician (level 9, -15/52 HPs)
             Began as a Deep Elf Earth Elementalist on Mar 22, 2023.
             Was a Follower of Vehumet.
             Demolished by a minotaur
             ... wielding a staff of poison
              (23 damage)
             ... in a Gauntlet.
             The game lasted 00:14:42 (9517 turns).

BigDaddyOpFi the Magician (DEEE)                    Turns: 9517, Time: 00:14:43

Health: -15/52     AC:  9    Str:  8    XL:     9   Next: 92%
Magic:  10/22      EV: 16    Int: 27    God:    Vehumet [*.....]
Gold:   555        SH:  0    Dex: 18    Spells: 16/23 levels left

rFire   . . .      SeeInvis .    C - +7 spear of Annihilation {heavy, rC+ Str+3 Dex-5}
rCold   + . .      Faith    .    (no shield)
rNeg    . . .      Spirit   .    u - +2 steam dragon scales
rPois   .          Reflect  .    D - +0 helmet
rElec   .          Rampage  .    (no cloak)
rCorr   .          NoTele   +    (no gloves)
Will    .....                    y - +0 pair of boots
Stlth   ++++                     g - amulet of magic regeneration
HPRegen 0.28/turn                q - ring of wizardry
MPRegen 0.58/turn                l - +6 ring of intelligence

@: lethally poisoned (-15 -> -17)
A: talons 1, agile 2
a: Renounce Religion


You were in a Gauntlet.
You worshipped Vehumet.
Vehumet was aware of your devotion.
You visited 1 branch of the dungeon, and saw 12 of its levels.
You also visited: Ossuary and Gauntlet.

You collected 555 gold pieces.

Inventory:

Hand Weapons
 f - a +1 short sword of draining
 i - a +0 short sword
 n - a +6 dagger of venom
 C - the +7 spear of Annihilation (weapon) {heavy, rC+ Str+3 Dex-5}
   (You found it on level 8 of the Dungeon)

   Str:       It affects your strength (+3).
   Dex:       It affects your dexterity (-5).
   rC:        It protects you from cold.
Armour
 u - +2 steam dragon scales (worn)
 y - a +0 pair of boots (worn)
 D - a +0 helmet (worn)
Jewellery
 g - an amulet of magic regeneration (around neck)
 j - a ring of poison resistance
 l - a +6 ring of intelligence (right hand)
 q - a ring of wizardry (left hand)
 s - a ring of resist corrosion
 H - a ring of fire
 I - the ring of Ceffeg {AC+4 Dex+2}
   (You found it in a Gauntlet)

   [ring of protection]

   AC:        It affects your AC (+4).
   Dex:       It affects your dexterity (+2).
Wands
 m - a wand of iceblast (21)
 w - a wand of digging (4)
 B - a wand of flame (44)
Scrolls
 c - a scroll of amnesia
 e - a scroll of magic mapping
 k - 2 scrolls of noise
 o - a scroll of poison
 p - 8 scrolls of teleportation
 v - 3 scrolls of immolation
 x - a scroll of brand weapon
 E - a scroll of silence {unknown}
Potions
 a - a potion of brilliance
 b - a potion of magic
 h - 3 potions of mutation
 r - a potion of flight
 t - a potion of curing
 z - a potion of haste
 A - a potion of might
 F - a potion of berserk rage {unknown}
 G - 2 potions of invisibility {unknown}


   Skills:
 + Level 3.7 Fighting
 * Level 2.4 Polearms
 + Level 6.8 Dodging
 + Level 7.4 Stealth
 + Level 7.6 Spellcasting
 * Level 7.3 Conjurations
 - Level 2.6 Transmutations
 + Level 6.8 Earth Magic


You had 16 spell levels left.
You knew the following spells:

 Your Spells              Type           Power      Damage    Failure   Level
a - Sandblast             Erth           94%        2d19      1%          1
b - Stone Arrow           Conj/Erth      96%        3d13      1%          3
c - Vampiric Draining     Necr           10%        2d6       7%          3

Your spell library contained the following spells:

 Spells                   Type           Power      Damage    Failure   Level
 Kiss of Death            Conj/Necr      100%       2d13      1%          1
 Passwall                 Tmut/Erth      29%        N/A       1%          2
 Slow                     Hex            40%        N/A       2%          1
 Summon Small Mammal      Summ           40%        N/A       2%          1
 Lesser Beckoning         Tloc           20%        N/A       3%          2
 Petrify                  Tmut/Erth      35%        N/A       3%          4
 Call Canine Familiar     Summ           10%        N/A       7%          3
 Confusing Touch          Hex            10%        N/A       7%          3
 Gell's Gravitas          Tloc           10%        N/A       7%          3
 Summon Guardian Golem    Hex/Summ       10%        N/A       7%          3
 Teleport Other           Tloc           10%        N/A       7%          3
 Passage of Golubria      Tloc           10%        N/A       22%         4
 Silence                  Hex/Air        5%         N/A       50%         5
 Lehudib's Crystal Spear  Conj/Erth      24%        10d7      99%         8


Dungeon Overview and Level Annotations

Branches:
Dungeon (12/15)            Temple (0/1) D:6            Lair (0/5) D:9
Ossuary (visited)         Gauntlet (1/1)
    Orc: D:9-12

Altars:
Kikubaaqudgha
Okawaru
Ru
Sif Muna
Vehumet
Yredelemnul
The Shining One

Annotations:
D:6 3 runed translucent doors, deadpool521's ghost, novice MiFi Gauntlet 8 transporters, 2 runed translucent doors


Innate Abilities, Weirdness & Mutations

You have sharp toenails.
You are very agile. (Dex +8, Str/Int -2)


Message History

Aim: a minotaur, wielding a staff of poison, wearing a +2 ring mail of willpower and quivering javelins (lightly wounded, 82% to hit)
The stone arrow hits the minotaur!
The minotaur is moderately wounded.
Casting: Stone Arrow (safe; 1% risk of failure)
Confirm with . or Enter, or press ? or * to list all spells.
Aiming: Stone Arrow (safe; 1% risk of failure)
Press: ? - help, Shift-Dir - straight line, f/p - minotaur
Aim: a minotaur, wielding a staff of poison, wearing a +2 ring mail of willpower and quivering javelins (moderately wounded, 82% to hit)
The stone arrow hits the minotaur but does no damage.
The minotaur is moderately wounded.
The minotaur hits you with a staff of poison.
The minotaur envenoms you.
You are poisoned.
The minotaur barely misses you.
Unknown command.
Press: ? - help, v - describe, . - travel
Here: a minotaur, wielding a staff of poison, wearing a +2 ring mail of willpower and quivering javelins (moderately wounded)
An open door.
Casting: Stone Arrow (safe; 1% risk of failure)
Confirm with . or Enter, or press ? or * to list all spells.
Okay, then.
Casting: Stone Arrow (safe; 1% risk of failure)
Confirm with . or Enter, or press ? or * to list all spells.
Aiming: Vampiric Draining (dangerous; 7% risk of failure)
Press: ? - help, Shift-Dir - straight line, f/p - minotaur
Aim: a minotaur, wielding a staff of poison, wearing a +2 ring mail of willpower and quivering javelins (moderately wounded)
You draw life force from the minotaur!
You feel life coursing into your body.
You feel sick.
The minotaur hits you with a staff of poison!!
Ouch! That really hurt!
The minotaur envenoms you.
* * * LOW HITPOINT WARNING * * *
You are more poisoned.
The minotaur gores you.
* * * LOW HITPOINT WARNING * * *
As you read the scroll of fear, it crumbles to dust.
You assume a fearsome visage.
The minotaur resists with some effort.
You feel sick.
The minotaur hits you with a staff of poison!!
You die...

#####...≈#
........##########
.....8.####.##...#
.......§##..##.#.#
####...##......#.#
..=#...#....##.#.# #
##[#...#.8©.##...# ⌠.#
Y.##...#....##.#.##∩...#
##©#.8.#.8©....#@H....⌠+
..##...#....##.#.##.⌠..#
##$#...#.8©.##...# ###
...#...#....##.#.#
####...##......#.#
.......≈##..##.#.#
.....8.####.##...#
........##########
#####...≈#


You could see a minotaur.

Vanquished Creatures
  A green death (Gauntlet)
  Maggie (D:8)
  A hornet (D:8)
  Sigmund (D:4)
  2 water moccasins
  An orc warrior (D:7)
  A black bear (D:8)
  2 ice beasts
  An ogre (D:7)
  2 centaurs
  A kobold brigand (D:8)
  Blork the orc (D:6)
  2 bullfrogs (D:8)
  A gnoll sergeant (D:8)
  2 scorpions
  3 wights (D:7)
  A troll zombie (Ossuary)
  2 howler monkeys
  2 centaur zombies (Ossuary)
  3 hounds
  A gnoll bouda (D:8)
  3 orc priests
  A sleepcap (D:8)
  An iguana (D:5)
  5 orc wizards
  2 ogre zombies (Ossuary)
  8 mummies
  10 adders
  5 gnolls (D:8)
  2 shadow imps
  2 white imps
  An ufetubus (D:6)
  3 adder zombies (Ossuary)
  5 worms
  A dart slug (D:3)
  24 orcs
  5 ball pythons
  5 bats
  6 endoplasms
  9 goblins
  4 hobgoblins
  16 kobolds
  3 quokkas
  6 frilled lizards
  A gnoll zombie (Ossuary)
  4 goblin zombies (Ossuary)
  3 hobgoblin zombies (Ossuary)
  9 kobold zombies (Ossuary)
  An orc zombie (Ossuary)
  3 quokka zombies (Ossuary)
  7 rats
  A rat zombie (Ossuary)
188 creatures vanquished.

Vanquished Creatures (others)
  5 plants (D:2)
5 creatures vanquished.

Grand Total: 193 creatures vanquished

Notes
Turn   | Place    | Note
-------+----------+-------------------------------------------
     0 | D:1      | BigDaddyOpFi the Deep Elf Earth Elementalist began the
                  | quest for the Orb.
     0 | D:1      | Reached XP level 1. HP: 10/10 MP: 6/6
   140 | D:1      | Reached XP level 2. HP: 15/15 MP: 4/8
   459 | D:1      | You fall into a shaft and drop 1 floor!
   847 | D:2      | Reached XP level 3. HP: 16/19 MP: 4/9
   960 | D:2      | Reached XP level 4. HP: 24/24 MP: 8/11
  1579 | D:2      | Found a faded altar of an unknown god.
  1839 | D:3      | Found a sacrificial altar of Ru.
  1936 | D:3      | Reached XP level 5. HP: 28/28 MP: 10/13
  2529 | D:4      | Learned a level 3 spell: Stone Arrow
  2541 | D:4      | Noticed Sigmund
  2546 | D:4      | Killed Sigmund
  2547 | D:4      | Reached skill level 1 in Conjurations
  2547 | D:4      | Reached XP level 6. HP: 33/33 MP: 7/14
  2733 | D:4      | Found an iron altar of Okawaru.
  2832 | D:4      | Reached skill level 1 in Fighting
  2890 | D:4      | Found a shimmering blue altar of Sif Muna.
  3430 | D:5      | Entered Level 5 of the Dungeon
  3662 | D:5      | Found a radiant altar of Vehumet.
  3804 | D:5      | Noticed an ice beast
  3812 | D:5      | Gained mutation: You have sharp toenails. [potion of
                  | mutation]
  3812 | D:5      | Gained mutation: You are agile. (Dex +4, Str/Int -1)
                  | [potion of mutation]
  3812 | D:5      | Gained mutation: You are very agile. (Dex +8, Str/Int -2)
                  | [potion of mutation]
  3818 | D:5      | Killed an ice beast
  3819 | D:5      | Reached skill level 5 in Spellcasting
  3819 | D:5      | Reached XP level 7. HP: 9/38 MP: 14/16
  4369 | D:5      | Became a worshipper of Vehumet
  4629 | D:6      | Found a staircase to the Ecumenical Temple.
  4784 | D:6      | Found a runed translucent gate.
  4784 | D:6      | Found a runed translucent gate.
  4784 | D:6      | Found a runed translucent gate.
  4790 | D:6      | Noticed deadpool521's ghost (novice MiFi)
  4808 | D:6      | Reached skill level 5 in Stealth
  4808 | D:6      | Reached skill level 5 in Earth Magic
  4930 | D:6      | Noticed Blork the orc
  4936 | D:6      | Killed Blork the orc
  5969 | D:7      | Reached skill level 5 in Dodging
  5969 | D:7      | Reached XP level 8. HP: 30/43 MP: 13/18
  6266 | D:7      | Found an ancient bone altar of Kikubaaqudgha.
  6304 | D:7      | Found a basalt altar of Yredelemnul.
  6458 | D:7      | Reached skill level 5 in Conjurations
  7004 | D:8      | Found a sand-covered staircase.
  7011 | Ossuary  | Entered an ossuary
  7425 | Ossuary  | Reached * piety under Vehumet
  7425 | Ossuary  | Offered knowledge of Kiss of Death by Vehumet.
  7437 | Ossuary  | Reached XP level 9. HP: 49/50 MP: 21/21
  7835 | D:8      | Identified the +7 spear of Annihilation {heavy, rC+ Str+3
                  | Dex-5}
  8363 | D:8      | Noticed Maggie
  8373 | D:8      | Reached skill level 1 in Polearms
  8383 | D:8      | Killed Maggie
  8388 | D:8      | HP: 2/51 [hornet (5)]
  8388 | D:8      | Paralysed by a hornet for 1 turns
  8645 | D:9      | Found a glowing golden altar of the Shining One.
  8646 | D:9      | Found a staircase to the Lair.
  8728 | D:10     | Entered Level 10 of the Dungeon
  8760 | D:11     | Noticed a kobold demonologist
  8760 | D:11     | Noticed a kobold demonologist
  8777 | D:11     | You fall into a shaft and drop 1 floor!
  8959 | D:12     | Noticed a cyclops
  8961 | D:12     | Noticed a deep elf pyromancer
  8963 | D:12     | Found a gate leading to a gauntlet.
  8972 | Gauntlet | Entered a Gauntlet
  8972 | Gauntlet | Noticed a green death
  8972 | Gauntlet | Found a transporter.
  8975 | Gauntlet | Found a transporter.
  8977 | Gauntlet | Noticed an entropy weaver
  8990 | Gauntlet | Found a transporter.
  8992 | Gauntlet | Found a transporter.
  8996 | Gauntlet | Noticed a great orb of eyes
  8998 | Gauntlet | Noticed a red ugly thing
  9004 | Gauntlet | Noticed a green ugly thing
  9009 | Gauntlet | Found a transporter.
  9021 | Gauntlet | Noticed a gargoyle
  9023 | Gauntlet | Found a transporter.
  9023 | Gauntlet | Noticed a molten gargoyle
  9025 | Gauntlet | Noticed a catoblepas
  9027 | Gauntlet | Found a transporter.
  9027 | Gauntlet | Noticed a gargoyle
  9061 | Gauntlet | Found a runed translucent door.
  9061 | Gauntlet | Noticed a necromancer
  9061 | Gauntlet | Noticed a death yak
  9062 | Gauntlet | Found a transporter.
  9063 | Gauntlet | Found a runed translucent door.
  9063 | Gauntlet | Noticed a death yak
  9063 | Gauntlet | Noticed a death yak
  9064 | Gauntlet | Found a transporter.
  9065 | Gauntlet | Found a transporter.
  9068 | Gauntlet | Found a transporter.
  9078 | Gauntlet | Noticed a moth of wrath
  9084 | Gauntlet | Found a transporter.
  9274 | Gauntlet | Killed a green death
  9307 | Gauntlet | Identified the ring of Ceffeg {AC+4 Dex+2}
  9319 | Gauntlet | Learned a level 3 spell: Vampiric Draining
  9511 | Gauntlet | Noticed a minotaur
  9517 | Gauntlet | Demolished by a minotaur

Illustrated notes

Levels and vault maps discovered:
D:1:      arrival_zaba_pyramid, layout_rooms, serial_bayou_pond_e,
          minmay_misc_feat_chi, minmay_domino_4
D:2:      layout_rooms, shapermc_ecumenical_altar_ellora,
          lexackson_kobold_supper
D:3:      layout_basic, nicolae_ru_path_of_blood, hangedman_decor_growths
D:4:      layout_loops_ring, okawaru_ov_weapons_minmay, lemuel_crystal_altar,
          uniq_sigmund
D:5:      layout_basic, fiery_altar_vehumet
D:6:      layout_basic, temple_fountains, gammafunk_ghost_necromancy,
          chequers_serial_rivers_large_a, uniq_blork_the_orc
D:7:      layout_cave_pools, mainiacjoe_overflow_paths,
          mainiacjoe_overflow_boulevard, hangedman_abyss_or_decor_slice,
          lightli_minifort
D:8:      layout_loops_corners, gup_ossuary_entry_pyramid, uniq_maggie
D:9:      layout_roguey, amcnicky_altar_gilded, mainiacjoe_overflow_alcove_4,
          trog_book, lair_entry_dummy
D:10:     layout_basic, jmf_multi_god_temple, orc_david_3, uniq_josephine
D:11:     layout_basic
D:12:     layout_basic, gauntlet_entry_generic
Gauntlet: minmay_gauntlet_mixed_oops_all_seconds [minmay_gauntlet_arena_77_box,
          gammafunk_gauntlet_arena_spirals, minmay_gauntlet_arena_77_cramped,
          nicolae_gauntlet_arena_grate_2, minmay_gauntlet_arena_77_braids,
          gammafunk_gauntlet_arena_split_x, gauntlet_exit_hidden_loot]

Skill      XL: |  1  2  3  4  5  6  7  8  9 |
---------------+----------------------------+-----
Stealth        | 3 4 5 6 7 |  7.4
Dodging        | 3 4 5 6 |  6.8
Transmutations | 2 |  2.6
Spellcasting   | 4 5 6 7 |  7.6
Earth Magic    | 4 5 6 |  6.8
Conjurations   | 1 2 4 5 7 |  7.3
Fighting       | 1 2 3 |  3.7
Polearms       | 2 |  2.4

Action                     |  1- 3 |  4- 6 |  7- 9 || total
---------------------------+-------+-------+-------++-------
  Melee: Unarmed           |     3 |       |       ||     3
         Dagger            |       |    18 |    22 ||    40
         Short sword       |       |     1 |       ||     1
         Kick              |       |       |     1 ||     1
         Spear             |       |       |    16 ||    16
         Punch             |       |       |     1 ||     1
   Cast: Sandblast         |    39 |    91 |   180 ||   310
         Stone Arrow       |       |       |    25 ||    25
         Vampiric Draining |       |       |     1 ||     1
    Use: Scroll            |       |    11 |    16 ||    27
         Potion            |       |     4 |    16 ||    20
   Stab: Sleeping          |       |     1 |     5 ||     6
 Armour: Robe              |       |     8 |    13 ||    21
         Skin              |       |       |    13 ||    13
         Steam dragon scal |       |       |    31 ||    31
  Dodge: Dodged            |    12 |    47 |   159 ||   218

Table legend: (Time is in decaauts)
 A = Elapsed time spent in this place.
 B = Non-inter-level travel time spent in this place.
 C = Inter-level travel time spent in this place.
 D = Time resting spent in this place.
 E = Time spent auto-exploring this place.
 F = Levels seen in this place.
 G = Mean time per level.
                   A        B        C        D        E       F      G
               +--------+--------+--------+--------+--------+-----+--------+
         Total |   9656 |   9286 |    370 |    670 |   6821 |  14 |  689.7 |
       Dungeon |   8541 |   8171 |    370 |    518 |   6400 |  12 |  711.8 |
       Ossuary |    586 |    586 |      0 |      0 |    421 |   1 |  586.0 |
      Gauntlet |    528 |    528 |      0 |    152 |      0 |   1 |  528.0 |
               +--------+--------+--------+--------+--------+-----+--------+

Top non-repeatable levels by time:
     D:6: 1421 daAuts
     D:8: 1214 daAuts
     D:5: 1122 daAuts
     D:2: 1002 daAuts
     D:4: 938 daAuts
     D:7: 931 daAuts
     D:1: 838 daAuts
     D:3: 711 daAuts
 Ossuary: 586 daAuts
Gauntlet: 528 daAuts
    D:12: 191 daAuts
     D:9: 117 daAuts
    D:10: 33 daAuts
    D:11: 17 daAuts
